[ AOE2 MATCH · #480409102 ]
Team RMKhmer vs Teutons
[ REPLAY ANALYSIS · EXTRACTED FROM THE RECORDED GAME ]
Feudal
—
Castle
—
Imperial
—
| APM avg | 20.2 |
| APM peak | 116 |
| eAPM avg | 18.4 |
| Villagers / military | 153 / 120 |
Focus
⚔️ 23.5% · 🌾 76.5%
Battle Elephant ×53 · Mangonel ×33 · Trade Cart ×33 · Genitour ×15 · Scorpion ×10 · Spearman ×5
Feudal
12:22
Castle
26:49
Imperial
38:10
| APM avg | 10.4 |
| APM peak | 27 |
| eAPM avg | 7.8 |
| Villagers / military | 103 / 246 |
Focus
⚔️ 27.3% · 🌾 72.7%
Gbeto ×105 · Scout Cavalry ×55 · Knight ×39 · Camel Scout ×34 · Trade Cart ×21 · Spearman ×6
Feudal
—
Castle
—
Imperial
—
| APM avg | 16.1 |
| APM peak | 44 |
| eAPM avg | 10.5 |
| Villagers / military | 116 / 169 |
Focus
⚔️ 43.7% · 🌾 56.3%
Scorpion ×62 · Spearman ×53 · Militia ×27 · Teutonic Knight ×11 · Knight ×8 · Battering Ram ×8
Feudal
13:24
Castle
19:36
Imperial
41:00
| APM avg | 19.8 |
| APM peak | 55 |
| eAPM avg | 12.4 |
| Villagers / military | 102 / 444 |
Focus
⚔️ 31.2% · 🌾 68.8%
Camel Scout ×212 · Camel Archer ×160 · Trade Cart ×27 · Mangonel ×25 · Bombard Cannon ×25 · Scout Cavalry ×18
Feudal
16:41
Castle
27:53
Imperial
42:59
| APM avg | 19.8 |
| APM peak | 73 |
| eAPM avg | 7.5 |
| Villagers / military | 90 / 70 |
Focus
⚔️ 31.2% · 🌾 68.8%
Cavalry Archer ×26 · Trade Cart ×11 · Bombard Cannon ×10 · Janissary ×9 · Hand Cannoneer ×7 · Militia ×4
Feudal
13:39
Castle
24:03
Imperial
33:03
| APM avg | 22.0 |
| APM peak | 61 |
| eAPM avg | 9.9 |
| Villagers / military | 85 / 165 |
Focus
⚔️ 54.7% · 🌾 45.3%
Teutonic Knight ×146 · Bombard Cannon ×17 · Trade Cart ×13 · Monk ×1 · Mangonel ×1
Feudal
13:47
Castle
23:26
Imperial
33:54
| APM avg | 9.4 |
| APM peak | 42 |
| eAPM avg | 7.9 |
| Villagers / military | 70 / 175 |
Focus
⚔️ 43.6% · 🌾 56.4%
Ballista Elephant ×175 · Trade Cart ×48
Feudal
15:53
Castle
22:22
Imperial
32:18
| APM avg | 9.0 |
| APM peak | 56 |
| eAPM avg | 7.5 |
| Villagers / military | 71 / 136 |
Focus
⚔️ 51.3% · 🌾 48.7%
Knight ×110 · Bombard Cannon ×19 · Archer ×7 · Trade Cart ×4
Match map
Initial resources + every placement click. Lines = walls · curves = elevation contours. ◆ gold · ⬟ stone · ● berries · ✦ relic · ◌ wall gap
Your base· ✓ Closed at 24:24 · 71t walls · 4 gate(s)
小的在's base· Open — opponent sealed themselves in
ironside323437's base· Open — opponent sealed themselves in
kriss1511's base· ✓ Closed at 19:36 · 0t walls · no gate
[PK]Dasaco's base· Open — opponent sealed themselves in
BigFatGucciSosa's base· ✓ Closed at 24:03 · 0t walls · no gate
d-kop's base· Open — opponent sealed themselves in
sefjereide's base· ✓ Closed at 22:22 · 49t walls · 1 gate(s)
Smoothed initial terrain · ◌ = detected wall gap · hover for details
Inputs per minute
— ColonelPacha - - 小的在
Build order — ColonelPacha
First 150 of 568 actions detected
| 0:15 | Build | House |
| 0:19 | Research | Loom |
| 0:20 | Create | Villager (Male) |
| 0:20 | Create | Villager (Male) |
| 0:20 | Create | Villager (Male) |
| 0:20 | Create | Villager (Male) |
| 0:21 | Create | Villager (Male) |
| 1:19 | Build | House |
| 1:51 | Create | Villager (Male) |
| 1:51 | Create | Villager (Male) |
| 2:32 | Create | Villager (Male) |
| 2:42 | Create | Villager (Male) |
| 3:18 | Create | Villager (Male) |
| 3:47 | Build | House |
| 3:51 | Create | Villager (Male) |
| 3:51 | Create | Villager (Male) |
| 4:08 | Create | Villager (Male) |
| 4:43 | Build | House |
| 4:47 | Create | Villager (Male) |
| 4:47 | Create | Villager (Male) |
| 4:57 | Build | Lumber Camp |
| 5:07 | Create | Villager (Male) |
| 5:07 | Create | Villager (Male) |
| 5:34 | Build | Palisade Wall |
| 5:38 | Create | Villager (Male) |
| 5:38 | Create | Villager (Male) |
| 5:53 | Build | Mill |
| 5:58 | Create | Villager (Male) |
| 5:58 | Create | Villager (Male) |
| 6:22 | Create | Villager (Male) |
| 6:23 | Create | Villager (Male) |
| 6:55 | Create | Villager (Male) |
| 7:24 | Create | Villager (Male) |
| 7:24 | Create | Villager (Male) |
| 7:39 | Build | Palisade Wall |
| 7:51 | Create | Villager (Male) |
| 7:51 | Create | Villager (Male) |
| 8:05 | Create | Villager (Male) |
| 8:05 | Create | Villager (Male) |
| 8:19 | Build | Palisade Gate |
| 8:28 | Create | Villager (Male) |
| 8:56 | Build | Barracks |
| 9:08 | Create | Villager (Male) |
| 9:19 | Build | House |
| 9:25 | Create | Villager (Male) |
| 9:51 | Create | Villager (Male) |
| 10:04 | Build | Palisade Wall |
| 10:09 | Build | Palisade Gate |
| 10:14 | Create | Villager (Male) |
| 10:14 | Create | Villager (Male) |
| 10:48 | Build | House |
| 11:22 | Create | Villager (Male) |
| 11:52 | Create | Villager (Male) |
| 12:10 | Research | Feudal Age |
| 13:28 | Build | Mining Camp |
| 13:36 | Build | Barracks |
| 13:47 | Build | Mining Camp |
| 13:54 | Build | House |
| 14:04 | Build | Lumber Camp |
| 14:20 | Create | Villager (Male) |
| 14:21 | Create | Villager (Male) |
| 14:21 | Create | Villager (Male) |
| 14:39 | Build | House |
| 14:45 | Research | Double-Bit Axe |
| 14:48 | Research | Horse Collar |
| 14:58 | Build | House |
| 15:13 | Build | Stone Wall |
| 15:19 | Build | Gate |
| 15:26 | Build | House |
| 15:29 | Create | Villager (Male) |
| 15:30 | Create | Villager (Male) |
| 15:35 | Build | House |
| 15:47 | Research | Gold Mining |
| 15:50 | Research | Stone Mining |
| 16:01 | Build | House |
| 16:08 | Build | House |
| 16:23 | Build | Farm |
| 16:33 | Build | House |
| 16:37 | Create | Villager (Male) |
| 16:37 | Create | Villager (Male) |
| 16:47 | Build | Farm |
| 16:55 | Create | Villager (Male) |
| 16:56 | Create | Villager (Male) |
| 17:11 | Build | Market |
| 17:16 | Build | Farm |
| 17:20 | Build | Farm |
| 17:41 | Build | Farm |
| 17:44 | Create | Villager (Male) |
| 18:08 | Build | Blacksmith |
| 18:24 | Create | Villager (Male) |
| 18:25 | Create | Villager (Male) |
| 18:31 | Build | Farm |
| 18:55 | Build | Farm |
| 19:04 | Build | Lumber Camp |
| 19:14 | Create | Trade Cart |
| 19:14 | Create | Trade Cart |
| 19:15 | Create | Trade Cart |
| 19:15 | Create | Trade Cart |
| 19:15 | Create | Trade Cart |
| 19:15 | Create | Trade Cart |
| 19:16 | Create | Trade Cart |
| 19:24 | Create | Villager (Male) |
| 19:24 | Create | Villager (Male) |
| 19:42 | Build | Stone Wall |
| 19:48 | Build | Gate |
| 19:54 | Build | Farm |
| 20:11 | Build | Farm |
| 20:17 | Create | Villager (Male) |
| 20:18 | Create | Villager (Male) |
| 20:37 | Build | Farm |
| 20:42 | Create | Villager (Male) |
| 21:04 | Build | Farm |
| 21:21 | Create | Villager (Male) |
| 21:21 | Create | Villager (Male) |
| 21:26 | Create | Trade Cart |
| 21:26 | Create | Trade Cart |
| 21:31 | Build | Farm |
| 21:45 | Build | Watch Tower |
| 21:54 | Build | Farm |
| 21:58 | Create | Villager (Male) |
| 22:03 | Create | Trade Cart |
| 22:03 | Create | Trade Cart |
| 22:26 | Build | Farm |
| 22:46 | Build | Farm |
| 22:53 | Create | Villager (Male) |
| 22:53 | Create | Villager (Male) |
| 22:58 | Create | Trade Cart |
| 22:58 | Create | Trade Cart |
| 23:12 | Build | Farm |
| 23:30 | Create | Villager (Male) |
| 23:31 | Create | Villager (Male) |
| 23:37 | Build | Farm |
| 23:50 | Create | Trade Cart |
| 23:50 | Create | Trade Cart |
| 24:05 | Build | Farm |
| 24:14 | Build | Lumber Camp |
| 24:24 | Research | Castle Age |
| 24:31 | Build | Farm |
| 24:39 | Build | Stone Wall |
| 24:42 | Build | Gate |
| 24:54 | Build | Archery Range |
| 25:01 | Build | Farm |
| 25:10 | Create | Trade Cart |
| 25:10 | Create | Trade Cart |
| 26:01 | Build | Stable |
| 26:10 | Create | Spearman |
| 26:10 | Create | Spearman |
| 26:10 | Create | Spearman |
| 26:10 | Create | Spearman |
| 26:11 | Create | Spearman |
Build order — 小的在
First 150 of 384 actions detected
| 0:08 | Create | Villager (Male) |
| 0:09 | Create | Villager (Male) |
| 0:09 | Create | Villager (Male) |
| 0:09 | Create | Villager (Male) |
| 0:09 | Create | Villager (Male) |
| 0:21 | Build | House |
| 1:06 | Build | House |
| 1:09 | Build | House |
| 1:11 | Build | House |
| 2:20 | Create | Villager (Male) |
| 3:14 | Create | Villager (Male) |
| 3:47 | Create | Villager (Male) |
| 3:47 | Create | Villager (Male) |
| 3:47 | Create | Villager (Male) |
| 3:47 | Create | Villager (Male) |
| 4:06 | Build | House |
| 4:09 | Build | House |
| 4:12 | Build | House |
| 4:15 | Build | House |
| 5:00 | Create | Villager (Male) |
| 5:01 | Create | Villager (Male) |
| 5:04 | Create | Villager (Male) |
| 5:04 | Create | Villager (Male) |
| 5:04 | Create | Villager (Male) |
| 6:39 | Create | Villager (Male) |
| 6:39 | Create | Villager (Male) |
| 6:40 | Create | Villager (Male) |
| 7:09 | Build | Mill |
| 8:45 | Build | Lumber Camp |
| 9:23 | Create | Villager (Male) |
| 9:23 | Create | Villager (Male) |
| 9:36 | Build | Lumber Camp |
| 10:03 | Build | Farm |
| 10:12 | Research | Feudal Age |
| 10:42 | Create | Villager (Male) |
| 10:42 | Create | Villager (Male) |
| 11:13 | Create | Villager (Male) |
| 11:14 | Create | Villager (Male) |
| 12:22 | Age | Feudal Age |
| 12:31 | Create | Villager (Male) |
| 12:31 | Create | Villager (Male) |
| 12:31 | Create | Villager (Male) |
| 12:36 | Research | Double-Bit Axe |
| 14:50 | Create | Villager (Male) |
| 14:50 | Create | Villager (Male) |
| 14:50 | Create | Villager (Male) |
| 14:51 | Create | Villager (Male) |
| 14:51 | Create | Villager (Male) |
| 15:17 | Build | Barracks |
| 15:31 | Build | Mining Camp |
| 16:00 | Build | Blacksmith |
| 16:50 | Build | Stable |
| 17:07 | Build | Market |
| 17:20 | Build | Market |
| 17:37 | Build | Farm |
| 17:38 | Build | Farm |
| 17:40 | Build | Farm |
| 17:42 | Build | Farm |
| 17:45 | Build | Farm |
| 17:46 | Build | Farm |
| 17:49 | Create | Villager (Male) |
| 17:50 | Create | Villager (Male) |
| 17:50 | Create | Villager (Male) |
| 17:50 | Create | Villager (Male) |
| 17:54 | Research | Wheelbarrow |
| 18:19 | Build | Farm |
| 18:37 | Build | Farm |
| 18:46 | Build | Farm |
| 18:47 | Build | Farm |
| 18:49 | Build | Farm |
| 18:51 | Build | Farm |
| 18:56 | Build | Farm |
| 18:58 | Build | Farm |
| 18:59 | Build | Farm |
| 19:01 | Build | Farm |
| 19:03 | Build | Farm |
| 19:26 | Build | Farm |
| 19:53 | Build | Mining Camp |
| 20:01 | Create | Villager (Male) |
| 20:02 | Create | Villager (Male) |
| 20:02 | Create | Villager (Male) |
| 20:29 | Research | Arson |
| 20:32 | Research | Man-at-Arms (upgrade) |
| 20:38 | Create | Spearman |
| 20:38 | Create | Spearman |
| 20:39 | Create | Spearman |
| 20:39 | Create | Spearman |
| 20:39 | Create | Spearman |
| 20:43 | Create | Spearman |
| 20:57 | Research | Horse Collar |
| 21:49 | Create | Villager (Male) |
| 22:14 | Create | Militia |
| 22:15 | Create | Militia |
| 22:22 | Create | Villager (Male) |
| 22:39 | Research | Gold Mining |
| 22:42 | Research | Stone Mining |
| 23:51 | Build | House |
| 23:54 | Build | House |
| 23:56 | Build | House |
| 23:57 | Build | House |
| 24:00 | Build | House |
| 24:09 | Research | Castle Age |
| 24:13 | Research | Town Watch |
| 24:14 | Create | Villager (Male) |
| 24:14 | Create | Villager (Male) |
| 24:15 | Create | Villager (Male) |
| 24:15 | Create | Villager (Male) |
| 25:00 | Create | Trade Cart |
| 25:00 | Create | Trade Cart |
| 25:01 | Create | Trade Cart |
| 25:01 | Create | Trade Cart |
| 25:01 | Create | Trade Cart |
| 25:01 | Create | Trade Cart |
| 25:02 | Create | Trade Cart |
| 26:29 | Research | Loom |
| 26:49 | Age | Castle Age |
| 27:02 | Build | Town Center |
| 27:21 | Build | Castle |
| 27:34 | Research | Caravan |
| 27:41 | Research | Long Swordsman (upgrade) |
| 27:42 | Research | Squires |
| 27:48 | Research | Gold Shaft Mining |
| 27:51 | Research | Heavy Plow |
| 27:55 | Research | Stone Shaft Mining |
| 28:40 | Build | Monastery |
| 28:46 | Build | University |
| 28:50 | Create | Villager (Male) |
| 28:51 | Create | Villager (Male) |
| 28:51 | Create | Villager (Male) |
| 28:51 | Create | Villager (Male) |
| 28:52 | Create | Villager (Male) |
| 28:52 | Create | Villager (Male) |
| 28:52 | Create | Villager (Male) |
| 29:09 | Research | Pikeman (upgrade) |
| 29:18 | Create | Villager (Male) |
| 29:19 | Create | Villager (Male) |
| 29:19 | Create | Villager (Male) |
| 29:19 | Create | Villager (Male) |
| 29:20 | Create | Villager (Male) |
| 30:13 | Build | Farm |
| 30:38 | Build | Farm |
| 30:45 | Build | Farm |
| 30:52 | Build | Farm |
| 31:22 | Build | Farm |
| 31:33 | Build | Lumber Camp |
| 31:38 | Create | Villager (Male) |
| 31:39 | Create | Villager (Male) |
| 31:39 | Create | Villager (Male) |
| 31:39 | Create | Villager (Male) |
| 32:01 | Create | Monk |
Build order — ironside323437
First 150 of 465 actions detected
| 0:04 | Research | Loom |
| 0:08 | Build | House |
| 0:14 | Create | Villager (Male) |
| 0:14 | Create | Villager (Male) |
| 0:15 | Research | Loom |
| 0:16 | Create | Villager (Male) |
| 0:16 | Create | Villager (Male) |
| 0:16 | Create | Villager (Male) |
| 0:50 | Research | Loom |
| 1:55 | Create | Villager (Male) |
| 2:17 | Build | Mill |
| 2:21 | Create | Villager (Male) |
| 2:21 | Create | Villager (Male) |
| 2:35 | Build | House |
| 2:40 | Build | House |
| 2:42 | Build | House |
| 2:55 | Create | Villager (Male) |
| 3:18 | Create | Villager (Male) |
| 3:19 | Create | Villager (Male) |
| 3:48 | Build | House |
| 3:55 | Create | Villager (Male) |
| 3:55 | Create | Villager (Male) |
| 4:30 | Create | Villager (Male) |
| 4:30 | Create | Villager (Male) |
| 5:20 | Create | Villager (Male) |
| 5:21 | Create | Villager (Male) |
| 5:21 | Create | Villager (Male) |
| 5:21 | Create | Villager (Male) |
| 5:59 | Create | Villager (Male) |
| 5:59 | Create | Villager (Male) |
| 6:49 | Create | Villager (Male) |
| 6:49 | Create | Villager (Male) |
| 6:50 | Create | Villager (Male) |
| 8:02 | Build | Lumber Camp |
| 8:10 | Create | Villager (Male) |
| 8:31 | Create | Villager (Male) |
| 9:13 | Research | Feudal Age |
| 9:26 | Build | House |
| 9:27 | Build | House |
| 9:29 | Build | House |
| 9:30 | Build | House |
| 10:37 | Build | Farm |
| 11:25 | Research | Wheelbarrow |
| 11:26 | Research | Town Watch |
| 11:31 | Research | Horse Collar |
| 11:35 | Build | Farm |
| 11:37 | Build | Farm |
| 11:38 | Build | Farm |
| 11:40 | Build | Farm |
| 11:44 | Create | Villager (Male) |
| 12:18 | Create | Villager (Male) |
| 12:18 | Create | Villager (Male) |
| 12:18 | Create | Villager (Male) |
| 13:36 | Create | Villager (Male) |
| 13:36 | Create | Villager (Male) |
| 13:36 | Create | Villager (Male) |
| 13:51 | Build | Farm |
| 13:54 | Build | Farm |
| 13:56 | Create | Villager (Male) |
| 13:57 | Create | Villager (Male) |
| 14:22 | Build | Blacksmith |
| 14:33 | Create | Villager (Male) |
| 14:33 | Create | Villager (Male) |
| 15:32 | Build | Barracks |
| 15:37 | Build | Farm |
| 16:09 | Build | Farm |
| 16:20 | Build | Mining Camp |
| 16:27 | Research | Double-Bit Axe |
| 16:29 | Create | Villager (Male) |
| 16:30 | Create | Villager (Male) |
| 16:30 | Create | Villager (Male) |
| 16:30 | Create | Villager (Male) |
| 16:31 | Create | Villager (Male) |
| 16:31 | Create | Villager (Male) |
| 16:43 | Build | Farm |
| 16:44 | Build | Farm |
| 16:46 | Build | Farm |
| 16:49 | Create | Villager (Male) |
| 16:49 | Create | Villager (Male) |
| 16:50 | Create | Villager (Male) |
| 17:39 | Research | Man-at-Arms (upgrade) |
| 17:49 | Research | Gold Mining |
| 18:11 | Build | Market |
| 18:35 | Build | Mining Camp |
| 18:44 | Build | Farm |
| 18:45 | Build | Farm |
| 18:46 | Build | Farm |
| 18:48 | Build | Farm |
| 18:51 | Build | Farm |
| 18:55 | Build | Farm |
| 19:03 | Build | Farm |
| 19:05 | Build | Farm |
| 19:07 | Build | Farm |
| 19:12 | Create | Villager (Male) |
| 19:12 | Create | Villager (Male) |
| 19:12 | Create | Villager (Male) |
| 19:16 | Build | Farm |
| 19:20 | Create | Villager (Male) |
| 19:20 | Create | Villager (Male) |
| 19:25 | Research | Forging |
| 19:26 | Research | Scale Mail Armor |
| 19:31 | Research | Arson |
| 19:42 | Build | Barracks |
| 19:50 | Build | Barracks |
| 20:26 | Build | Lumber Camp |
| 20:50 | Create | Villager (Male) |
| 20:51 | Create | Villager (Male) |
| 20:51 | Create | Villager (Male) |
| 21:00 | Create | Militia |
| 21:00 | Create | Militia |
| 21:00 | Create | Militia |
| 21:00 | Create | Militia |
| 21:06 | Create | Militia |
| 21:06 | Create | Militia |
| 21:06 | Create | Militia |
| 21:30 | Build | House |
| 21:33 | Build | House |
| 21:37 | Build | House |
| 21:39 | Build | House |
| 21:42 | Build | House |
| 22:38 | Create | Militia |
| 22:38 | Create | Militia |
| 22:38 | Create | Militia |
| 22:38 | Create | Militia |
| 22:39 | Create | Militia |
| 22:55 | Build | Farm |
| 22:56 | Build | Farm |
| 22:59 | Build | Farm |
| 23:02 | Build | Mill |
| 23:04 | Create | Villager (Male) |
| 23:05 | Create | Villager (Male) |
| 23:05 | Create | Villager (Male) |
| 23:05 | Create | Villager (Male) |
| 23:06 | Create | Villager (Male) |
| 23:06 | Create | Villager (Male) |
| 23:56 | Build | Farm |
| 24:03 | Build | Farm |
| 24:04 | Build | Farm |
| 24:18 | Research | Castle Age |
| 25:56 | Create | Militia |
| 25:56 | Create | Militia |
| 25:56 | Create | Militia |
| 25:57 | Create | Militia |
| 26:08 | Create | Militia |
| 26:08 | Create | Militia |
| 26:08 | Create | Militia |
| 26:08 | Create | Militia |
| 26:09 | Create | Militia |
| 26:32 | Create | Militia |
| 26:32 | Create | Militia |
Build order — kriss1511
First 150 of 426 actions detected
| 0:02 | Create | Villager (Male) |
| 0:02 | Create | Villager (Male) |
| 0:03 | Create | Villager (Male) |
| 0:03 | Create | Villager (Male) |
| 0:04 | Build | House |
| 0:07 | Build | House |
| 1:34 | Create | Villager (Male) |
| 1:34 | Create | Villager (Male) |
| 2:09 | Create | Villager (Male) |
| 2:09 | Create | Villager (Male) |
| 3:20 | Create | Villager (Male) |
| 3:20 | Create | Villager (Male) |
| 4:14 | Build | Lumber Camp |
| 4:16 | Create | Villager (Male) |
| 4:16 | Create | Villager (Male) |
| 4:17 | Create | Villager (Male) |
| 5:34 | Build | Mill |
| 5:45 | Create | Villager (Male) |
| 5:46 | Create | Villager (Male) |
| 5:46 | Create | Villager (Male) |
| 5:46 | Create | Villager (Male) |
| 6:01 | Build | House |
| 6:47 | Create | Villager (Male) |
| 6:48 | Create | Villager (Male) |
| 7:36 | Create | Villager (Male) |
| 7:57 | Create | Villager (Male) |
| 7:57 | Create | Villager (Male) |
| 8:22 | Build | Farm |
| 8:32 | Create | Villager (Male) |
| 8:32 | Create | Villager (Male) |
| 8:39 | Build | House |
| 8:41 | Build | House |
| 9:35 | Build | Farm |
| 9:37 | Build | Farm |
| 9:39 | Build | Farm |
| 9:43 | Create | Villager (Male) |
| 9:50 | Build | Farm |
| 10:23 | Build | Farm |
| 10:47 | Create | Villager (Male) |
| 10:53 | Build | Farm |
| 11:02 | Research | Feudal Age |
| 11:06 | Create | Villager (Male) |
| 11:06 | Create | Villager (Male) |
| 11:29 | Build | Farm |
| 12:27 | Create | Villager (Male) |
| 12:50 | Create | Villager (Male) |
| 13:24 | Age | Feudal Age |
| 13:31 | Research | Double-Bit Axe |
| 13:34 | Research | Horse Collar |
| 14:21 | Build | Blacksmith |
| 14:31 | Build | Market |
| 14:44 | Build | Farm |
| 14:44 | Build | Farm |
| 14:44 | Build | Farm |
| 14:44 | Build | Farm |
| 14:45 | Build | Farm |
| 14:45 | Build | Farm |
| 14:45 | Build | Farm |
| 14:46 | Build | Farm |
| 14:47 | Build | Farm |
| 14:47 | Build | Farm |
| 14:48 | Build | Farm |
| 15:02 | Create | Villager (Male) |
| 15:04 | Create | Villager (Male) |
| 15:04 | Create | Villager (Male) |
| 15:08 | Build | Farm |
| 15:33 | Build | House |
| 15:35 | Build | House |
| 15:36 | Build | House |
| 15:46 | Build | Mining Camp |
| 16:06 | Build | Mining Camp |
| 16:19 | Create | Villager (Male) |
| 16:19 | Create | Villager (Male) |
| 16:20 | Create | Villager (Male) |
| 16:20 | Create | Villager (Male) |
| 16:22 | Research | Wheelbarrow |
| 16:24 | Create | Villager (Male) |
| 16:36 | Build | Farm |
| 16:52 | Research | Castle Age |
| 16:58 | Create | Villager (Male) |
| 16:59 | Create | Villager (Male) |
| 17:10 | Build | Farm |
| 17:14 | Create | Villager (Male) |
| 17:32 | Create | Villager (Male) |
| 18:09 | Build | Lumber Camp |
| 18:22 | Research | Wheelbarrow |
| 18:45 | Research | Stone Mining |
| 19:25 | Create | Trade Cart |
| 19:36 | Age | Castle Age |
| 19:57 | Research | Stone Shaft Mining |
| 20:00 | Research | Bow Saw |
| 20:08 | Build | Town Center |
| 20:22 | Build | Farm |
| 20:40 | Research | Gold Mining |
| 20:54 | Build | Farm |
| 21:07 | Research | Town Watch |
| 21:12 | Create | Villager (Male) |
| 21:14 | Create | Villager (Male) |
| 21:22 | Build | Farm |
| 21:47 | Research | Heavy Plow |
| 21:54 | Create | Villager (Male) |
| 22:07 | Build | House |
| 22:08 | Build | House |
| 22:10 | Build | House |
| 22:11 | Build | House |
| 22:12 | Build | House |
| 23:15 | Build | Monastery |
| 23:50 | Create | Villager (Male) |
| 23:51 | Create | Villager (Male) |
| 23:51 | Create | Villager (Male) |
| 23:51 | Create | Villager (Male) |
| 23:51 | Create | Villager (Male) |
| 24:02 | Build | Barracks |
| 24:04 | Create | Monk |
| 24:11 | Create | Villager (Male) |
| 24:12 | Create | Villager (Male) |
| 24:12 | Create | Villager (Male) |
| 24:12 | Create | Villager (Male) |
| 24:12 | Create | Villager (Male) |
| 24:14 | Create | Villager (Male) |
| 24:14 | Create | Villager (Male) |
| 24:18 | Build | Farm |
| 24:23 | Build | House |
| 24:24 | Build | House |
| 24:24 | Build | House |
| 24:25 | Build | House |
| 24:27 | Build | House |
| 24:28 | Build | House |
| 24:31 | Create | Villager (Male) |
| 24:53 | Build | Farm |
| 25:09 | Build | Farm |
| 25:11 | Build | Farm |
| 25:12 | Create | Villager (Male) |
| 25:12 | Create | Villager (Male) |
| 25:14 | Create | Villager (Male) |
| 25:14 | Create | Villager (Male) |
| 25:17 | Research | Hand Cart |
| 25:39 | Build | Farm |
| 26:11 | Build | Farm |
| 26:18 | Build | Mining Camp |
| 26:27 | Build | Mining Camp |
| 26:30 | Build | Farm |
| 26:53 | Build | Stable |
| 26:57 | Build | Farm |
| 27:02 | Create | Villager (Male) |
| 27:02 | Create | Villager (Male) |
| 27:03 | Create | Villager (Male) |
| 27:03 | Create | Villager (Male) |
| 27:04 | Create | Villager (Male) |
| 27:04 | Create | Villager (Male) |
Build order — [PK]Dasaco
First 150 of 294 actions detected
| 0:04 | Build | House |
| 0:05 | Create | Villager (Male) |
| 0:05 | Create | Villager (Male) |
| 0:06 | Create | Villager (Male) |
| 0:06 | Create | Villager (Male) |
| 0:32 | Build | House |
| 1:17 | Build | House |
| 2:20 | Build | House |
| 3:02 | Create | Villager (Male) |
| 3:02 | Create | Villager (Male) |
| 3:53 | Create | Villager (Male) |
| 4:02 | Build | Mill |
| 5:44 | Create | Villager (Male) |
| 5:44 | Create | Villager (Male) |
| 5:45 | Create | Villager (Male) |
| 5:45 | Create | Villager (Male) |
| 8:52 | Create | Villager (Male) |
| 8:52 | Create | Villager (Male) |
| 9:11 | Create | Villager (Male) |
| 9:11 | Create | Villager (Male) |
| 9:11 | Create | Villager (Male) |
| 10:36 | Build | Lumber Camp |
| 10:39 | Create | Villager (Male) |
| 10:39 | Create | Villager (Male) |
| 10:39 | Create | Villager (Male) |
| 10:40 | Create | Villager (Male) |
| 10:43 | Create | Villager (Male) |
| 11:39 | Create | Villager (Male) |
| 12:03 | Create | Villager (Male) |
| 12:04 | Create | Villager (Male) |
| 12:32 | Build | Farm |
| 12:35 | Build | Farm |
| 12:38 | Build | Farm |
| 12:42 | Build | Farm |
| 12:44 | Create | Villager (Male) |
| 13:07 | Build | Farm |
| 13:53 | Build | Mining Camp |
| 13:57 | Build | Farm |
| 14:24 | Build | House |
| 14:31 | Research | Feudal Age |
| 15:19 | Build | Farm |
| 15:22 | Build | Farm |
| 16:41 | Age | Feudal Age |
| 17:19 | Build | Barracks |
| 17:33 | Create | Villager (Male) |
| 17:33 | Create | Villager (Male) |
| 17:34 | Create | Villager (Male) |
| 17:35 | Create | Villager (Male) |
| 17:35 | Create | Villager (Male) |
| 18:03 | Research | Double-Bit Axe |
| 18:38 | Build | Farm |
| 18:45 | Create | Militia |
| 18:47 | Create | Militia |
| 18:47 | Create | Militia |
| 18:49 | Create | Militia |
| 19:16 | Build | House |
| 19:41 | Create | Villager (Male) |
| 19:42 | Create | Villager (Male) |
| 19:54 | Build | Mining Camp |
| 20:03 | Research | Man-at-Arms (upgrade) |
| 20:12 | Create | Villager (Male) |
| 20:24 | Create | Villager (Male) |
| 20:47 | Build | House |
| 20:49 | Build | House |
| 20:51 | Build | House |
| 20:58 | Research | Wheelbarrow |
| 22:06 | Build | Blacksmith |
| 22:12 | Research | Gold Mining |
| 23:39 | Build | Market |
| 24:12 | Research | Stone Mining |
| 24:23 | Create | Villager (Male) |
| 24:23 | Create | Villager (Male) |
| 24:23 | Create | Villager (Male) |
| 24:24 | Create | Villager (Male) |
| 24:24 | Create | Villager (Male) |
| 24:24 | Create | Villager (Male) |
| 24:25 | Create | Villager (Male) |
| 24:55 | Build | Archery Range |
| 25:11 | Research | Castle Age |
| 25:22 | Research | Horse Collar |
| 25:34 | Research | Scale Mail Armor |
| 25:36 | Research | Padded Archer Armor |
| 26:07 | Create | Archer |
| 26:10 | Create | Archer |
| 26:11 | Create | Archer |
| 26:55 | Build | Gate |
| 27:22 | Create | Villager (Male) |
| 27:23 | Create | Villager (Male) |
| 27:53 | Age | Castle Age |
| 28:20 | Research | Caravan |
| 28:24 | Create | Villager (Male) |
| 28:24 | Create | Villager (Male) |
| 28:24 | Create | Villager (Male) |
| 28:32 | Create | Villager (Male) |
| 28:32 | Create | Villager (Male) |
| 28:40 | Research | Gold Shaft Mining |
| 28:45 | Research | Bow Saw |
| 28:48 | Research | Heavy Plow |
| 28:54 | Build | Farm |
| 29:28 | Build | Gate |
| 29:37 | Build | House |
| 29:39 | Build | House |
| 29:40 | Build | House |
| 29:46 | Create | Villager (Male) |
| 29:47 | Create | Villager (Male) |
| 30:11 | Build | Town Center |
| 30:17 | Build | Farm |
| 30:18 | Build | Farm |
| 30:31 | Build | Farm |
| 30:43 | Build | Farm |
| 30:46 | Create | Villager (Male) |
| 31:01 | Build | Stone Wall |
| 31:13 | Research | Crossbowman (upgrade) |
| 31:51 | Research | Squires |
| 32:10 | Build | Farm |
| 32:12 | Build | Farm |
| 32:15 | Build | Farm |
| 32:24 | Build | Monastery |
| 32:46 | Create | Cavalry Archer |
| 32:48 | Create | Cavalry Archer |
| 33:27 | Build | Castle |
| 33:51 | Create | Monk |
| 33:52 | Create | Monk |
| 33:52 | Create | Monk |
| 35:07 | Build | Stone Wall |
| 35:27 | Build | Farm |
| 35:29 | Create | Villager (Male) |
| 35:30 | Create | Villager (Male) |
| 35:34 | Create | Villager (Male) |
| 35:34 | Create | Villager (Male) |
| 35:35 | Create | Villager (Male) |
| 35:35 | Create | Villager (Male) |
| 35:35 | Create | Villager (Male) |
| 35:36 | Create | Villager (Male) |
| 35:36 | Create | Villager (Male) |
| 35:36 | Create | Villager (Male) |
| 35:38 | Research | Hand Cart |
| 35:49 | Research | Chain Mail Armor |
| 36:18 | Create | Villager (Male) |
| 36:18 | Create | Villager (Male) |
| 36:45 | Create | Janissary |
| 36:45 | Create | Janissary |
| 36:45 | Create | Janissary |
| 37:45 | Build | University |
| 37:55 | Research | Sipahi |
| 38:01 | Create | Cavalry Archer |
| 38:02 | Create | Cavalry Archer |
| 38:02 | Create | Cavalry Archer |
| 38:02 | Create | Cavalry Archer |
| 38:03 | Create | Cavalry Archer |
Build order — BigFatGucciSosa
First 150 of 407 actions detected
| 0:15 | Build | House |
| 0:16 | Build | House |
| 0:22 | Create | Villager (Male) |
| 0:22 | Create | Villager (Male) |
| 0:22 | Create | Villager (Male) |
| 0:23 | Create | Villager (Male) |
| 0:23 | Create | Villager (Male) |
| 1:25 | Build | House |
| 1:28 | Build | House |
| 2:02 | Create | Villager (Male) |
| 2:03 | Create | Villager (Male) |
| 2:47 | Build | Mill |
| 2:51 | Create | Villager (Male) |
| 2:51 | Create | Villager (Male) |
| 2:52 | Create | Villager (Male) |
| 4:01 | Create | Villager (Male) |
| 4:02 | Create | Villager (Male) |
| 4:02 | Create | Villager (Male) |
| 4:02 | Create | Villager (Male) |
| 4:38 | Create | Villager (Male) |
| 4:39 | Create | Villager (Male) |
| 4:39 | Create | Villager (Male) |
| 5:51 | Create | Villager (Male) |
| 5:51 | Create | Villager (Male) |
| 5:51 | Create | Villager (Male) |
| 5:52 | Create | Villager (Male) |
| 6:07 | Build | Farm |
| 6:07 | Build | Farm |
| 7:33 | Create | Villager (Male) |
| 7:33 | Create | Villager (Male) |
| 7:33 | Create | Villager (Male) |
| 7:34 | Create | Villager (Male) |
| 7:43 | Build | Lumber Camp |
| 8:06 | Build | Farm |
| 8:07 | Build | Farm |
| 8:44 | Build | House |
| 8:45 | Build | House |
| 8:51 | Create | Villager (Male) |
| 8:51 | Create | Villager (Male) |
| 9:05 | Build | Farm |
| 9:40 | Build | Farm |
| 9:40 | Build | Farm |
| 9:41 | Build | Farm |
| 10:10 | Create | Villager (Male) |
| 10:10 | Create | Villager (Male) |
| 10:35 | Build | Mining Camp |
| 11:29 | Research | Feudal Age |
| 11:46 | Create | Villager (Male) |
| 11:55 | Create | Villager (Male) |
| 12:39 | Build | Barracks |
| 12:58 | Build | Farm |
| 12:58 | Build | Farm |
| 13:39 | Age | Feudal Age |
| 13:47 | Create | Villager (Male) |
| 13:47 | Create | Villager (Male) |
| 13:48 | Create | Villager (Male) |
| 14:00 | Build | Blacksmith |
| 14:13 | Build | Mining Camp |
| 14:26 | Build | Market |
| 14:57 | Build | House |
| 14:58 | Build | House |
| 14:59 | Build | House |
| 15:00 | Build | House |
| 15:01 | Build | House |
| 15:02 | Build | House |
| 15:04 | Build | House |
| 15:05 | Build | House |
| 15:06 | Build | House |
| 15:07 | Build | House |
| 15:08 | Build | House |
| 15:10 | Build | House |
| 15:16 | Create | Villager (Male) |
| 15:16 | Create | Villager (Male) |
| 15:17 | Create | Villager (Male) |
| 15:45 | Build | Mining Camp |
| 16:11 | Create | Villager (Male) |
| 16:11 | Create | Villager (Male) |
| 16:13 | Research | Wheelbarrow |
| 16:14 | Create | Villager (Male) |
| 16:14 | Create | Villager (Male) |
| 16:14 | Create | Villager (Male) |
| 16:15 | Create | Villager (Male) |
| 16:15 | Create | Villager (Male) |
| 16:15 | Create | Villager (Male) |
| 16:27 | Research | Scale Mail Armor |
| 17:29 | Build | Farm |
| 17:29 | Build | Farm |
| 18:02 | Create | Trade Cart |
| 18:02 | Create | Trade Cart |
| 18:02 | Create | Trade Cart |
| 18:24 | Build | Farm |
| 18:32 | Build | Farm |
| 19:04 | Build | Farm |
| 19:34 | Build | Farm |
| 19:40 | Research | Horse Collar |
| 19:42 | Research | Double-Bit Axe |
| 19:53 | Build | Farm |
| 20:19 | Build | Mill |
| 20:26 | Build | Farm |
| 20:46 | Build | Farm |
| 21:08 | Build | Farm |
| 21:12 | Research | Castle Age |
| 21:31 | Build | Farm |
| 22:01 | Build | Lumber Camp |
| 22:52 | Build | Watch Tower |
| 23:12 | Research | Gold Mining |
| 23:13 | Research | Stone Mining |
| 23:26 | Research | Forging |
| 24:03 | Age | Castle Age |
| 24:10 | Build | Castle |
| 24:31 | Research | Iron Casting |
| 24:31 | Research | Chain Mail Armor |
| 24:45 | Build | University |
| 25:18 | Build | House |
| 25:19 | Build | House |
| 25:20 | Build | House |
| 25:21 | Build | House |
| 25:23 | Build | House |
| 25:24 | Build | House |
| 25:26 | Build | House |
| 25:27 | Build | House |
| 25:28 | Build | House |
| 25:29 | Build | House |
| 25:30 | Build | House |
| 26:25 | Build | Farm |
| 26:37 | Build | Mining Camp |
| 27:44 | Build | Town Center |
| 28:07 | Research | Gambesons |
| 28:09 | Research | Squires |
| 28:12 | Research | Arson |
| 29:03 | Create | Villager (Male) |
| 29:03 | Create | Villager (Male) |
| 29:03 | Create | Villager (Male) |
| 29:04 | Create | Villager (Male) |
| 29:04 | Create | Villager (Male) |
| 29:04 | Create | Villager (Male) |
| 29:05 | Create | Villager (Male) |
| 29:05 | Create | Villager (Male) |
| 29:05 | Create | Villager (Male) |
| 29:16 | Research | Ironclad |
| 29:33 | Create | Villager (Male) |
| 29:34 | Create | Villager (Male) |
| 29:34 | Create | Villager (Male) |
| 29:35 | Research | Imperial Age |
| 29:46 | Create | Villager (Male) |
| 29:46 | Create | Villager (Male) |
| 29:46 | Create | Villager (Male) |
| 29:47 | Create | Villager (Male) |
| 29:47 | Create | Villager (Male) |
| 29:47 | Create | Villager (Male) |
Build order — d-kop
First 150 of 423 actions detected
| 0:51 | Build | House |
| 0:52 | Build | House |
| 0:53 | Build | House |
| 0:56 | Build | House |
| 1:14 | Research | Loom |
| 1:14 | Create | Villager (Male) |
| 1:15 | Create | Villager (Male) |
| 1:15 | Create | Villager (Male) |
| 1:15 | Create | Villager (Male) |
| 1:15 | Create | Villager (Male) |
| 2:25 | Create | Villager (Male) |
| 2:26 | Create | Villager (Male) |
| 2:50 | Build | House |
| 2:51 | Build | House |
| 2:52 | Build | House |
| 2:53 | Build | House |
| 3:36 | Create | Villager (Male) |
| 3:37 | Create | Villager (Male) |
| 3:37 | Create | Villager (Male) |
| 4:05 | Create | Villager (Male) |
| 4:32 | Create | Villager (Male) |
| 4:53 | Create | Villager (Male) |
| 5:01 | Create | Villager (Male) |
| 5:02 | Create | Villager (Male) |
| 5:02 | Create | Villager (Male) |
| 6:34 | Create | Villager (Male) |
| 6:35 | Create | Villager (Male) |
| 6:35 | Create | Villager (Male) |
| 6:35 | Create | Villager (Male) |
| 6:35 | Create | Villager (Male) |
| 8:34 | Create | Villager (Male) |
| 8:34 | Create | Villager (Male) |
| 8:35 | Create | Villager (Male) |
| 8:35 | Create | Villager (Male) |
| 9:01 | Build | Lumber Camp |
| 10:08 | Create | Villager (Male) |
| 10:08 | Create | Villager (Male) |
| 10:55 | Build | Mining Camp |
| 11:37 | Research | Feudal Age |
| 11:44 | Build | Farm |
| 11:45 | Build | Farm |
| 11:47 | Build | Farm |
| 11:48 | Build | Farm |
| 11:50 | Build | Farm |
| 11:51 | Build | Farm |
| 11:52 | Build | Farm |
| 11:54 | Build | Farm |
| 11:55 | Build | Farm |
| 11:56 | Build | Farm |
| 13:47 | Age | Feudal Age |
| 13:54 | Research | Wheelbarrow |
| 13:58 | Research | Double-Bit Axe |
| 14:17 | Research | Gold Mining |
| 15:23 | Create | Villager (Male) |
| 15:24 | Create | Villager (Male) |
| 15:24 | Create | Villager (Male) |
| 15:24 | Create | Villager (Male) |
| 15:25 | Create | Villager (Male) |
| 15:25 | Create | Villager (Male) |
| 17:13 | Build | Farm |
| 17:15 | Build | Farm |
| 17:16 | Build | Farm |
| 17:17 | Build | Farm |
| 17:18 | Build | Farm |
| 17:51 | Create | Villager (Male) |
| 17:52 | Create | Villager (Male) |
| 17:52 | Create | Villager (Male) |
| 17:52 | Create | Villager (Male) |
| 17:52 | Create | Villager (Male) |
| 17:53 | Create | Villager (Male) |
| 17:53 | Create | Villager (Male) |
| 17:53 | Create | Villager (Male) |
| 17:53 | Create | Villager (Male) |
| 17:54 | Create | Villager (Male) |
| 17:54 | Create | Villager (Male) |
| 17:54 | Create | Villager (Male) |
| 17:54 | Create | Villager (Male) |
| 20:04 | Build | Mill |
| 20:18 | Research | Castle Age |
| 20:23 | Research | Castle Age |
| 20:40 | Research | Stone Mining |
| 20:48 | Build | Mining Camp |
| 20:58 | Research | Horse Collar |
| 23:26 | Age | Castle Age |
| 23:58 | Research | Gold Shaft Mining |
| 23:58 | Research | Stone Shaft Mining |
| 24:01 | Research | Bow Saw |
| 24:05 | Research | Heavy Plow |
| 24:19 | Build | Lumber Camp |
| 24:24 | Research | Hand Cart |
| 24:26 | Create | Villager (Male) |
| 24:26 | Create | Villager (Male) |
| 24:26 | Create | Villager (Male) |
| 24:27 | Create | Villager (Male) |
| 24:27 | Create | Villager (Male) |
| 24:27 | Create | Villager (Male) |
| 24:28 | Create | Villager (Male) |
| 24:28 | Create | Villager (Male) |
| 24:28 | Create | Villager (Male) |
| 24:29 | Create | Villager (Male) |
| 24:29 | Create | Villager (Male) |
| 24:29 | Create | Villager (Male) |
| 26:19 | Build | Castle |
| 26:37 | Create | Villager (Male) |
| 26:37 | Create | Villager (Male) |
| 26:38 | Create | Villager (Male) |
| 26:38 | Create | Villager (Male) |
| 26:39 | Create | Villager (Male) |
| 26:39 | Create | Villager (Male) |
| 27:43 | Build | Market |
| 27:45 | Build | Market |
| 27:47 | Build | Market |
| 27:49 | Build | Market |
| 29:39 | Research | Imperial Age |
| 30:06 | Research | Caravan |
| 30:49 | Build | Castle |
| 31:10 | Build | Farm |
| 32:10 | Build | Blacksmith |
| 32:34 | Build | Mining Camp |
| 32:46 | Build | Farm |
| 32:48 | Build | Farm |
| 32:50 | Build | Farm |
| 32:51 | Build | Farm |
| 33:14 | Build | Farm |
| 33:16 | Build | Farm |
| 33:27 | Build | Mining Camp |
| 33:44 | Create | Trade Cart |
| 33:45 | Create | Trade Cart |
| 33:45 | Create | Trade Cart |
| 33:45 | Create | Trade Cart |
| 33:45 | Create | Trade Cart |
| 33:46 | Create | Trade Cart |
| 33:46 | Create | Trade Cart |
| 33:46 | Create | Trade Cart |
| 33:47 | Create | Trade Cart |
| 33:47 | Create | Trade Cart |
| 33:47 | Create | Trade Cart |
| 33:47 | Create | Trade Cart |
| 33:48 | Create | Trade Cart |
| 33:54 | Age | Imperial Age |
| 33:59 | Research | Town Watch |
| 34:07 | Create | Trade Cart |
| 34:09 | Create | Trade Cart |
| 34:10 | Create | Trade Cart |
| 34:27 | Research | Double Crossbow |
| 35:26 | Research | Hoardings |
| 35:27 | Research | Conscription |
| 35:52 | Create | Villager (Male) |
| 35:52 | Create | Villager (Male) |
| 35:53 | Create | Villager (Male) |
Build order — sefjereide
First 150 of 389 actions detected
| 0:07 | Build | House |
| 0:09 | Build | House |
| 1:03 | Create | Villager (Male) |
| 1:03 | Create | Villager (Male) |
| 1:03 | Create | Villager (Male) |
| 1:04 | Create | Villager (Male) |
| 2:23 | Create | Villager (Male) |
| 2:23 | Create | Villager (Male) |
| 2:59 | Create | Villager (Male) |
| 3:57 | Build | Palisade Wall |
| 4:04 | Create | Villager (Male) |
| 4:04 | Create | Villager (Male) |
| 4:05 | Create | Villager (Male) |
| 4:58 | Create | Villager (Male) |
| 4:58 | Create | Villager (Male) |
| 5:32 | Build | House |
| 5:34 | Build | House |
| 6:10 | Create | Villager (Male) |
| 6:43 | Build | Mill |
| 7:11 | Create | Villager (Male) |
| 7:23 | Build | Lumber Camp |
| 7:25 | Create | Villager (Male) |
| 7:25 | Create | Villager (Male) |
| 7:26 | Create | Villager (Male) |
| 7:54 | Create | Villager (Male) |
| 7:54 | Create | Villager (Male) |
| 8:03 | Build | House |
| 8:29 | Create | Villager (Male) |
| 8:50 | Create | Villager (Male) |
| 8:51 | Create | Villager (Male) |
| 8:51 | Create | Villager (Male) |
| 9:17 | Build | Palisade Gate |
| 9:23 | Create | Villager (Male) |
| 9:23 | Create | Villager (Male) |
| 9:52 | Create | Villager (Male) |
| 9:52 | Create | Villager (Male) |
| 10:10 | Build | Farm |
| 10:12 | Build | Farm |
| 10:14 | Build | Farm |
| 10:16 | Build | Farm |
| 10:47 | Create | Villager (Male) |
| 10:47 | Create | Villager (Male) |
| 10:53 | Build | House |
| 10:57 | Build | House |
| 10:58 | Build | House |
| 11:18 | Create | Villager (Male) |
| 11:18 | Create | Villager (Male) |
| 11:19 | Create | Villager (Male) |
| 11:19 | Create | Villager (Male) |
| 11:20 | Create | Villager (Male) |
| 11:56 | Build | Mining Camp |
| 12:11 | Build | Farm |
| 12:17 | Build | Farm |
| 12:25 | Build | Mining Camp |
| 12:44 | Build | Barracks |
| 13:17 | Build | Farm |
| 13:43 | Research | Feudal Age |
| 14:03 | Build | House |
| 14:05 | Build | House |
| 14:08 | Build | House |
| 14:22 | Create | Villager (Male) |
| 14:23 | Create | Villager (Male) |
| 14:42 | Build | Farm |
| 14:48 | Build | Farm |
| 14:52 | Build | Farm |
| 15:00 | Build | Farm |
| 15:53 | Age | Feudal Age |
| 15:56 | Build | Archery Range |
| 16:03 | Research | Double-Bit Axe |
| 16:08 | Research | Horse Collar |
| 16:16 | Build | Market |
| 16:23 | Build | Blacksmith |
| 16:31 | Create | Villager (Male) |
| 16:32 | Create | Villager (Male) |
| 16:35 | Create | Villager (Male) |
| 16:59 | Build | Farm |
| 17:09 | Create | Archer |
| 17:11 | Create | Archer |
| 17:12 | Create | Archer |
| 17:15 | Create | Archer |
| 17:27 | Build | Farm |
| 17:31 | Create | Villager (Male) |
| 18:53 | Build | Gate |
| 19:08 | Build | Farm |
| 19:25 | Create | Trade Cart |
| 19:26 | Create | Trade Cart |
| 19:42 | Research | Castle Age |
| 20:49 | Create | Archer |
| 20:49 | Create | Archer |
| 20:51 | Create | Archer |
| 21:59 | Build | Stone Wall |
| 22:08 | Build | Stone Wall |
| 22:22 | Age | Castle Age |
| 22:42 | Build | Town Center |
| 22:59 | Research | Crossbowman (upgrade) |
| 23:00 | Research | Thumb Ring |
| 23:11 | Create | Villager (Male) |
| 23:11 | Create | Villager (Male) |
| 23:11 | Create | Villager (Male) |
| 23:20 | Build | Farm |
| 23:22 | Build | Farm |
| 23:26 | Research | Bow Saw |
| 23:30 | Research | Heavy Plow |
| 24:14 | Create | Villager (Male) |
| 24:14 | Create | Villager (Male) |
| 24:19 | Research | Gold Mining |
| 24:19 | Research | Stone Mining |
| 25:00 | Build | Lumber Camp |
| 25:23 | Build | University |
| 25:29 | Build | Monastery |
| 26:07 | Create | Villager (Male) |
| 26:09 | Create | Villager (Male) |
| 26:10 | Create | Villager (Male) |
| 26:10 | Create | Villager (Male) |
| 27:03 | Create | Villager (Male) |
| 27:04 | Create | Villager (Male) |
| 27:18 | Build | Stone Wall |
| 27:29 | Build | Stone Wall |
| 27:33 | Build | Stone Wall |
| 28:10 | Build | Castle |
| 29:08 | Research | Imperial Age |
| 29:43 | Create | Villager (Male) |
| 29:46 | Create | Villager (Male) |
| 29:46 | Create | Villager (Male) |
| 29:47 | Create | Villager (Male) |
| 29:57 | Build | Lumber Camp |
| 30:03 | Create | Villager (Male) |
| 30:03 | Create | Villager (Male) |
| 31:25 | Build | Town Center |
| 32:04 | Research | Fortified Wall (upgrade) |
| 32:06 | Research | Ballistics |
| 32:18 | Age | Imperial Age |
| 32:19 | Build | Mining Camp |
| 32:22 | Create | Villager (Male) |
| 32:22 | Create | Villager (Male) |
| 32:23 | Create | Villager (Male) |
| 32:23 | Create | Villager (Male) |
| 32:44 | Research | Chemistry |
| 33:09 | Build | Stable |
| 33:11 | Build | Stable |
| 33:14 | Build | Stable |
| 33:19 | Build | Stable |
| 33:47 | Build | Gate |
| 33:58 | Research | Tech 1404 |
| 34:40 | Build | Mining Camp |
| 34:57 | Build | Feitoria |
| 35:47 | Build | Stone Wall |
| 35:56 | Build | Stone Wall |
| 36:05 | Research | Cavalier (upgrade) |
| 36:06 | Research | Husbandry |
Match timeline
| 3:57 | sefjereide · wall_segment Palisade Wall x24 |
| 5:34 | ColonelPacha · wall_segment Palisade Wall x19 |
| 7:39 | ColonelPacha · wall_segment Palisade Wall x9 |
| 8:56 | ColonelPacha · first_building Barracks |
| 10:04 | ColonelPacha · wall_segment Palisade Wall x22 |
| 12:22 | 小的在 · age_up feudal |
| 12:39 | BigFatGucciSosa · first_building Barracks |
| 12:44 | sefjereide · first_building Barracks |
| 13:24 | kriss1511 · age_up feudal |
| 13:39 | BigFatGucciSosa · age_up feudal |
| 13:47 | d-kop · age_up feudal |
| 15:13 | ColonelPacha · wall_segment Stone Wall x25 |
| 15:17 | 小的在 · first_building Barracks |
| 15:32 | ironside323437 · first_building Barracks |
| 15:53 | sefjereide · age_up feudal |
| 15:56 | sefjereide · first_building Archery Range |
| 16:41 | [PK]Dasaco · age_up feudal |
| 16:45 | kriss1511 · first_market_sell 100 wood |
| 16:50 | 小的在 · first_building Stable |
| 17:19 | [PK]Dasaco · first_building Barracks |
| 19:36 | kriss1511 · age_up castle |
| 19:42 | ColonelPacha · wall_segment Stone Wall x16 |
| 21:59 | sefjereide · wall_segment Stone Wall x11 |
| 22:08 | sefjereide · wall_segment Stone Wall x14 |
| 22:22 | sefjereide · age_up castle |
| 23:15 | kriss1511 · first_building Monastery |
| 23:26 | d-kop · age_up castle |
| 24:02 | kriss1511 · first_building Barracks |
| 24:03 | BigFatGucciSosa · age_up castle |
| 24:10 | BigFatGucciSosa · first_building Castle |
| 24:39 | ColonelPacha · wall_segment Stone Wall x13 |
| 24:54 | ColonelPacha · first_building Archery Range |
| 24:55 | [PK]Dasaco · first_building Archery Range |
| 25:29 | sefjereide · first_building Monastery |
| 26:01 | ColonelPacha · first_building Stable |
| 26:19 | d-kop · first_building Castle |
| 26:49 | 小的在 · age_up castle |
| 26:53 | kriss1511 · first_building Stable |
| 27:05 | ColonelPacha · wall_segment Stone Wall x4 |
| 27:10 | ironside323437 · first_building Siege Workshop |
| 27:18 | sefjereide · wall_segment Stone Wall x13 |
| 27:21 | 小的在 · first_building Castle |
| 27:29 | sefjereide · wall_segment Stone Wall x2 |
| 27:33 | sefjereide · wall_segment Stone Wall x9 |
| 27:48 | kriss1511 · first_building Castle |
| 27:53 | [PK]Dasaco · age_up castle |
| 28:09 | ColonelPacha · first_building Monastery |
| 28:10 | sefjereide · first_building Castle |
| 28:25 | ironside323437 · first_building Monastery |
| 28:30 | ColonelPacha · first_building Siege Workshop |
| 28:40 | 小的在 · first_building Monastery |
| 28:58 | sefjereide · first_market_sell 100 wood |
| 29:14 | kriss1511 · first_building Siege Workshop |
| 29:33 | ironside323437 · wall_segment Stone Wall x31 |
| 29:54 | ironside323437 · first_market_buy 100 stone |
| 31:01 | [PK]Dasaco · wall_segment Stone Wall x8 |
| 32:18 | sefjereide · age_up imperial |
| 32:24 | [PK]Dasaco · first_building Monastery |
| 33:03 | BigFatGucciSosa · age_up imperial |
| 33:09 | sefjereide · first_building Stable |
| 33:23 | ColonelPacha · wall_segment Stone Wall x7 |
| 33:27 | [PK]Dasaco · first_building Castle |
| 33:54 | d-kop · age_up imperial |
| 34:38 | ironside323437 · wall_segment Stone Wall x11 |
| 35:07 | [PK]Dasaco · wall_segment Stone Wall x19 |
| 35:11 | BigFatGucciSosa · first_building Monastery |
| 35:18 | ColonelPacha · wall_segment Stone Wall x8 |
| 35:30 | BigFatGucciSosa · first_building Siege Workshop |
| 35:47 | sefjereide · wall_segment Stone Wall x13 |
| 35:55 | kriss1511 · first_market_buy 100 food |
| 35:56 | sefjereide · wall_segment Stone Wall x9 |
| 36:06 | ironside323437 · first_building Castle |
| 36:10 | kriss1511 · first_building Archery Range |
| 38:10 | 小的在 · age_up imperial |
| 41:00 | kriss1511 · age_up imperial |
| 41:52 | [PK]Dasaco · first_building Siege Workshop |
| 42:04 | sefjereide · wall_segment Stone Wall x1 |
| 42:31 | d-kop · first_market_buy 100 wood |
| 42:59 | [PK]Dasaco · age_up imperial |
| 46:18 | ColonelPacha · wall_segment Palisade Wall x2 |
| 46:22 | ColonelPacha · wall_segment Palisade Wall x4 |
| 46:25 | sefjereide · first_building Siege Workshop |
| 49:18 | ColonelPacha · first_building Castle |
| 49:28 | ironside323437 · first_building Stable |
| 50:24 | ColonelPacha · wall_segment Stone Wall x4 |
| 51:12 | kriss1511 · wall_segment Stone Wall x3 |
| 51:15 | kriss1511 · wall_segment Stone Wall x4 |
| 52:39 | sefjereide · wall_segment Stone Wall x8 |
| 52:53 | sefjereide · wall_segment Stone Wall x21 |
| 52:56 | sefjereide · wall_segment Stone Wall x8 |
| 55:12 | ironside323437 · first_building Archery Range |
| 56:10 | ColonelPacha · wall_segment Palisade Wall x10 |
| 62:58 | ironside323437 · resign |
[ AI ANALYSIS · 1 CREDIT ]
What really happened in this match?
Wolo.gg analyzes every decision: build order, eco, micro, common mistakes by bracket. Personalized analysis on WhatsApp or Discord in 30 seconds.
Civ guide
Khmer
Map guide
Amazon Tunnel
Perfil
ColonelPacha